General information
- name: BNet
- type: Ladder team game (AT/RT)
- host: Battle.net
- saver: TheGreatBeast
map: Battleground
- players: 8
- length: 29:14
- speed: Fast
- version: 1.26 W3XP
- replay type: Public
» download(184 KB)
Players
team 1 (winner)

»
indica.only (
yellow | 42 APM | 721 actions | 16:58)
3 Mountain King
2 Thunder Clap
1 Bash
» actions
| Assign group hotkey | 19 | |
| Basic commands | 3 | |
| Build / train | 42 | |
| Enter build submenu | 19 | |
| Enter hero's abilities submenu | 3 | |
| Right click | 258 | |
| Select / deselect | 179 | |
| Select group hotkey | 162 | |
| Use ability | 36 | |
721 total
» units
» buildings
| Altar of Kings | 2 | |
| Barracks | 2 | |
| Farm | 7 | |
| Lumber Mill | 2 | |
| Scout Tower | 5 | |
| Keep | 1 | |
| Blacksmith | 1 | |
| Guard Tower | 3 | |
| Castle | 1 | |
24 total
» build order
00:36 Altar of Kings
00:42 Barracks
00:58 Farm
01:32 Barracks
01:56 Farm
03:35 Farm
04:13 Farm
05:44 Lumber Mill
05:52 Lumber Mill
06:08 Farm
06:56 Farm
08:00 Scout Tower
08:01 Scout Tower
08:02 Scout Tower
08:13 Keep
08:18 Blacksmith
09:00 Guard Tower
09:07 Guard Tower
10:00 Scout Tower
11:03 Castle
11:19 Guard Tower
11:30 Scout Tower
12:03 Farm
16:35 Altar of Kings
uR-aLL-NooBs (
teal | 53 APM | 882 actions | 16:44)
3 Archmage
2 Summon Water Elemental
1 Brilliance Aura
1 Mountain King
1 Storm Bolt
» actions
| Basic commands | 26 | |
| Build / train | 41 | |
| Enter build submenu | 16 | |
| Enter hero's abilities submenu | 4 | |
| Right click | 522 | |
| Select / deselect | 218 | |
| Use ability | 55 | |
882 total
» units
| Peasant | 15 | |
| Footman | 4 | |
| Rifleman | 6 | |
| Mortar Team | 3 | |
28 total
» upgrades
» buildings
| Barracks | 1 | |
| Farm | 7 | |
| Altar of Kings | 1 | |
| Blacksmith | 1 | |
| Keep | 1 | |
| Arcane Vault | 1 | |
| Workshop | 2 | |
| Lumber Mill | 1 | |
15 total
» build order
00:23 Barracks
00:42 Farm
01:23 Altar of Kings
01:27 Farm
02:07 Farm
02:31 Blacksmith
02:50 Farm
04:54 Keep
05:03 Farm
05:15 Arcane Vault
06:10 Farm
08:59 Workshop
09:06 Workshop
09:09 Lumber Mill
13:34 Farm
» items
| Lesser Clarity Potion | 1 | |
| Potion of Healing | 2 | |
| Scroll of Town Portal | 1 | |
4 total
TheGreatBeast (
purple | 81 APM | 2358 actions | 29:14)
7 Blood Mage
3 Flame Strike
3 Siphon Mana
1 Summon Phoenix
» actions
| Assign group hotkey | 127 | |
| Basic commands | 78 | |
| Build / train | 167 | |
| ESC pressed | 11 | |
| Enter build submenu | 63 | |
| Enter hero's abilities submenu | 7 | |
| Give item / drop item | 3 | |
| Right click | 755 | |
| Select / deselect | 331 | |
| Select group hotkey | 651 | |
| Use ability | 165 | |
2358 total
» units
| Peasant | 31 | |
| Footman | 12 | |
| Sorceress | 1 | |
| Gryphon Rider | 6 | |
50 total
» upgrades
| Swords | 3 | |
| Armor | 3 | |
| Masonry | 3 | |
| Sorceress Training | 1 | |
| Animal War Training | 1 | |
| Magic Sentry | 1 | |
| Lumber Harvesting | 1 | |
| Backpack | 1 | |
14 total
» buildings
| Altar of Kings | 2 | |
| Barracks | 1 | |
| Farm | 9 | |
| Arcane Vault | 2 | |
| Blacksmith | 3 | |
| Keep | 5 | |
| Lumber Mill | 2 | |
| Scout Tower | 34 | |
| Arcane Sanctum | 1 | |
| Castle | 7 | |
| Gryphon Aviary | 2 | |
| Town Hall | 3 | |
| Guard Tower | 48 | |
| Arcane Tower | 2 | |
121 total
» build order
00:53 Altar of Kings
00:55 Barracks
00:56 Farm
01:07 Farm
01:44 Farm
02:16 Arcane Vault
02:21 Blacksmith
02:25 Farm
04:50 Keep
04:50 Keep
06:43 Lumber Mill
08:17 Scout Tower
08:18 Scout Tower
08:18 Scout Tower
08:19 Scout Tower
08:20 Scout Tower
09:00 Arcane Sanctum
09:06 Castle
09:06 Castle
09:25 Gryphon Aviary
09:27 Gryphon Aviary
09:51 Town Hall
09:56 Scout Tower
09:57 Scout Tower
09:58 Scout Tower
10:00 Scout Tower
10:31 Scout Tower
10:34 Scout Tower
10:48 Guard Tower
10:48 Guard Tower
10:50 Town Hall
10:52 Scout Tower
10:56 Scout Tower
11:15 Guard Tower
11:15 Guard Tower
11:15 Guard Tower
11:21 Scout Tower
11:23 Scout Tower
11:25 Scout Tower
11:27 Scout Tower
11:34 Scout Tower
11:35 Scout Tower
11:36 Scout Tower
11:46 Guard Tower
11:47 Guard Tower
11:47 Guard Tower
11:47 Guard Tower
11:49 Guard Tower
11:50 Guard Tower
11:50 Guard Tower
11:50 Guard Tower
11:54 Guard Tower
11:54 Guard Tower
11:54 Guard Tower
11:54 Guard Tower
11:56 Guard Tower
11:56 Guard Tower
11:56 Guard Tower
12:25 Guard Tower
12:26 Guard Tower
12:26 Guard Tower
12:26 Guard Tower
13:09 Guard Tower
13:09 Guard Tower
13:21 Scout Tower
13:21 Scout Tower
13:22 Scout Tower
13:23 Scout Tower
13:25 Scout Tower
13:51 Guard Tower
13:52 Guard Tower
13:52 Guard Tower
14:18 Guard Tower
14:19 Guard Tower
14:19 Guard Tower
15:15 Scout Tower
15:16 Scout Tower
15:16 Scout Tower
15:17 Scout Tower
15:18 Scout Tower
15:50 Guard Tower
17:22 Keep
17:23 Keep
18:09 Arcane Vault
18:19 Blacksmith
18:28 Blacksmith
20:25 Farm
20:56 Scout Tower
20:57 Scout Tower
21:00 Farm
21:00 Farm
21:15 Scout Tower
21:17 Scout Tower
21:54 Farm
22:02 Town Hall
22:13 Arcane Tower
22:48 Altar of Kings
23:24 Farm
23:38 Lumber Mill
24:31 Castle
24:31 Castle
24:31 Castle
27:23 Guard Tower
27:23 Guard Tower
» items
| Scroll of Regeneration | 8 | |
| Staff of Teleportation | 1 | |
| Boots of Speed | 1 | |
| Lesser Clarity Potion | 5 | |
| Scroll of Town Portal | 3 | |
| Potion of Invisibility | 1 | |
19 total

»
RedsABucket (
pink | 44 APM | 1272 actions | 29:13)
6 Archmage
3 Summon Water Elemental
1 Brilliance Aura
1 Blizzard
1 Mass Teleport
» actions
| Basic commands | 38 | |
| Build / train | 56 | |
| Enter build submenu | 40 | |
| Enter hero's abilities submenu | 6 | |
| Remove unit from queue | 9 | |
| Right click | 698 | |
| Select / deselect | 363 | |
| Use ability | 62 | |
1272 total
» units
| Peasant | 20 | |
| Rifleman | 6 | |
| Siege Engine | -4 | |
| Mortar Team | 2 | |
| Flying Machine | 6 | |
30 total
» upgrades
» buildings
| Farm | 13 | |
| Lumber Mill | 1 | |
| Altar of Kings | 2 | |
| Barracks | 1 | |
| Blacksmith | 1 | |
| Keep | 3 | |
| Town Hall | 3 | |
| Scout Tower | 9 | |
| Castle | 1 | |
| Workshop | 3 | |
| Guard Tower | 3 | |
40 total
» build order
00:36 Farm
00:53 Lumber Mill
01:14 Farm
01:42 Altar of Kings
01:44 Barracks
01:44 Blacksmith
01:59 Altar of Kings
02:25 Farm
03:35 Farm
04:07 Keep
04:24 Farm
06:56 Town Hall
08:00 Scout Tower
08:03 Scout Tower
08:04 Scout Tower
08:28 Castle
08:32 Workshop
08:39 Guard Tower
09:07 Scout Tower
09:08 Scout Tower
09:55 Scout Tower
10:01 Workshop
10:03 Workshop
10:55 Scout Tower
10:56 Guard Tower
11:00 Scout Tower
11:05 Scout Tower
12:23 Guard Tower
12:24 Keep
12:56 Town Hall
14:33 Town Hall
15:53 Keep
18:23 Farm
18:23 Farm
19:07 Farm
19:07 Farm
20:05 Farm
20:06 Farm
22:14 Farm
22:15 Farm
» items
team 2 (loser)

»
brianpeepers (
orange | 73 APM | 2119 actions | 29:13)
5 Keeper of the Grove
2 Entangling Roots
3 Thorns Aura
» actions
| Assign group hotkey | 71 | |
| Basic commands | 273 | |
| Build / train | 62 | |
| Enter build submenu | 22 | |
| Enter hero's abilities submenu | 6 | |
| Remove unit from queue | 1 | |
| Right click | 484 | |
| Select / deselect | 523 | |
| Select group hotkey | 549 | |
| Use ability | 128 | |
2119 total
» units
| Wisp | 17 | |
| Archer | 6 | |
| Huntress | 5 | |
| Dryad | 7 | |
| Druid of the Claw | 7 | |
42 total
» upgrades
| Strength of the Moon | 1 | |
| Strength of the Wild | 1 | |
| Abolish Magic | 1 | |
| Druid of the Claw Training | 2 | |
| Mark of the Claw | 1 | |
| Well Spring | 1 | |
7 total
» buildings
| Moon Well | 10 | |
| Altar of Elders | 2 | |
| Ancient of War | 1 | |
| Tree of Ages | 2 | |
| Hunter's Hall | 1 | |
| Ancient of Wonders | 1 | |
| Ancient of Lore | 2 | |
| Tree of Eternity | 3 | |
| Tree of Life | 3 | |
25 total
» build order
00:06 Moon Well
00:10 Altar of Elders
00:23 Ancient of War
01:24 Moon Well
02:15 Moon Well
03:16 Tree of Ages
03:37 Hunter's Hall
03:56 Moon Well
05:06 Ancient of Wonders
05:14 Moon Well
06:29 Moon Well
06:53 Ancient of Lore
07:37 Ancient of Lore
11:09 Tree of Eternity
11:09 Tree of Eternity
13:22 Moon Well
15:55 Tree of Life
16:51 Tree of Life
18:21 Moon Well
18:59 Moon Well
21:06 Altar of Elders
24:13 Moon Well
24:37 Tree of Life
» items
ANDREW-LUCK-GG (
blue | 42 APM | 1233 actions | 29:13)
4 Blood Mage
2 Flame Strike
2 Siphon Mana
» actions
| Assign group hotkey | 33 | |
| Basic commands | 41 | |
| Build / train | 72 | |
| Enter build submenu | 23 | |
| Enter hero's abilities submenu | 4 | |
| Give item / drop item | 1 | |
| Remove unit from queue | 2 | |
| Right click | 344 | |
| Select / deselect | 186 | |
| Select group hotkey | 436 | |
| Use ability | 91 | |
1233 total
» units
| Peasant | 14 | |
| Sorceress | 4 | |
| Dragonhawk Rider | 8 | |
26 total
» upgrades
| Masonry | 2 | |
| Lumber Harvesting | 1 | |
| Sorceress Training | 2 | |
| Magic Sentry | 1 | |
| Cloud | 1 | |
7 total
» buildings
| Altar of Kings | 1 | |
| Farm | 10 | |
| Lumber Mill | 1 | |
| Scout Tower | 18 | |
| Arcane Tower | 1 | |
| Guard Tower | 12 | |
| Arcane Vault | 2 | |
| Keep | 1 | |
| Arcane Sanctum | 2 | |
| Castle | 1 | |
| Gryphon Aviary | 3 | |
| Town Hall | 1 | |
53 total
» build order
00:07 Altar of Kings
00:18 Farm
00:38 Lumber Mill
00:56 Scout Tower
01:08 Scout Tower
01:23 Scout Tower
01:40 Arcane Tower
01:53 Farm
02:04 Guard Tower
02:19 Guard Tower
02:32 Scout Tower
02:33 Scout Tower
02:44 Farm
02:53 Arcane Vault
03:00 Guard Tower
03:00 Guard Tower
03:12 Guard Tower
03:28 Scout Tower
03:29 Scout Tower
03:56 Guard Tower
04:41 Keep
05:33 Farm
05:33 Farm
06:32 Scout Tower
06:33 Scout Tower
06:33 Scout Tower
06:36 Scout Tower
06:38 Scout Tower
06:47 Arcane Vault
07:09 Guard Tower
07:11 Guard Tower
07:12 Guard Tower
07:31 Arcane Sanctum
09:11 Castle
09:47 Arcane Sanctum
10:16 Scout Tower
10:16 Scout Tower
10:17 Scout Tower
10:20 Scout Tower
10:20 Scout Tower
10:58 Guard Tower
11:38 Guard Tower
13:33 Gryphon Aviary
13:34 Gryphon Aviary
13:36 Farm
13:37 Farm
17:06 Gryphon Aviary
18:19 Farm
18:20 Farm
18:31 Town Hall
» items
| Mechanical Critter | 2 | |
| Scroll of Regeneration | 3 | |
| Staff of Teleportation | 1 | |
| Potion of Mana | 2 | |
| Potion of Invisibility | 2 | |
| Scroll of Town Portal | 2 | |
12 total
RedForest (
green | 50 APM | 1457 actions | 29:13)
5 Demon Hunter
2 Evasion
3 Mana Burn
» actions
| Assign group hotkey | 16 | |
| Basic commands | 228 | |
| Build / train | 93 | |
| Enter build submenu | 49 | |
| Enter hero's abilities submenu | 5 | |
| Give item / drop item | 3 | |
| Right click | 502 | |
| Select / deselect | 335 | |
| Select group hotkey | 93 | |
| Use ability | 133 | |
1457 total
» units
» upgrades
| Nature's Blessing | 1 | |
| Well Spring | 1 | |
| Ultravision | 1 | |
3 total
» buildings
| Altar of Elders | 1 | |
| Moon Well | 13 | |
| Ancient of War | 1 | |
| Tree of Ages | 1 | |
| Tree of Life | 3 | |
| Hunter's Hall | 1 | |
| Tree of Eternity | 1 | |
| Ancient of Wonders | 1 | |
| Ancient Protector | 34 | |
56 total
» build order
00:04 Altar of Elders
00:29 Moon Well
00:50 Moon Well
01:36 Moon Well
01:43 Moon Well
01:59 Ancient of War
02:07 Moon Well
03:46 Tree of Ages
06:29 Tree of Life
06:33 Hunter's Hall
08:00 Tree of Eternity
08:09 Ancient of Wonders
08:26 Ancient Protector
08:27 Ancient Protector
08:29 Ancient Protector
08:29 Ancient Protector
09:42 Moon Well
09:42 Moon Well
09:42 Moon Well
09:43 Moon Well
09:44 Moon Well
09:44 Moon Well
09:46 Moon Well
09:46 Moon Well
11:10 Tree of Life
11:12 Ancient Protector
11:12 Ancient Protector
11:13 Ancient Protector
11:13 Ancient Protector
11:21 Ancient Protector
11:22 Ancient Protector
11:23 Ancient Protector
11:23 Ancient Protector
11:29 Ancient Protector
12:10 Ancient Protector
15:12 Ancient Protector
15:13 Ancient Protector
15:13 Ancient Protector
15:14 Ancient Protector
15:15 Ancient Protector
15:16 Ancient Protector
15:17 Ancient Protector
15:18 Ancient Protector
16:46 Tree of Life
16:54 Ancient Protector
16:54 Ancient Protector
16:55 Ancient Protector
16:55 Ancient Protector
16:56 Ancient Protector
16:56 Ancient Protector
16:57 Ancient Protector
16:57 Ancient Protector
16:58 Ancient Protector
16:58 Ancient Protector
17:02 Ancient Protector
17:03 Ancient Protector
» items

»
merlocholmes (
red | 26 APM | 665 actions | 25:33)
5 Mountain King
3 Bash
2 Thunder Clap
» actions
| Basic commands | 26 | |
| Build / train | 51 | |
| Enter build submenu | 29 | |
| Enter hero's abilities submenu | 5 | |
| Remove unit from queue | 1 | |
| Right click | 233 | |
| Select / deselect | 257 | |
| Use ability | 63 | |
665 total
» units
| Peasant | 16 | |
| Footman | 8 | |
| Spell Breaker | 5 | |
| Gryphon Rider | 2 | |
31 total
» upgrades
» buildings
| Altar of Kings | 1 | |
| Farm | 14 | |
| Barracks | 1 | |
| Lumber Mill | 1 | |
| Blacksmith | 2 | |
| Keep | 1 | |
| Arcane Vault | 1 | |
| Arcane Sanctum | 2 | |
| Castle | 1 | |
| Gryphon Aviary | 2 | |
| Scout Tower | 1 | |
27 total
» build order
00:04 Altar of Kings
00:06 Farm
00:46 Barracks
01:20 Lumber Mill
01:49 Blacksmith
01:53 Blacksmith
02:12 Farm
02:47 Farm
02:51 Farm
03:59 Keep
04:09 Arcane Vault
05:16 Farm
06:29 Arcane Sanctum
06:42 Arcane Sanctum
07:57 Farm
08:51 Castle
09:03 Farm
10:55 Gryphon Aviary
11:03 Gryphon Aviary
12:03 Scout Tower
14:14 Farm
14:26 Farm
16:12 Farm
19:43 Farm
19:45 Farm
19:56 Farm
20:01 Farm
» items
| Scroll of Regeneration | 4 | |
| Scroll of Town Portal | 1 | |
5 total
Chat log
(00:10 / Allies) indica.only: using my fraze
(00:14 / All) ANDREW-LUCK-GG: UR A BUCKET INDICA
(00:14 / Allies) indica.only: fag
(00:26 / Allies) TheGreatBeast: bucket
(00:28 / All) RedsABucket: red you are a fucking bucket
(00:31 / All) indica.only: u dont evben know what a bucet it
(00:44 / All) ANDREW-LUCK-GG: ur-all-noobs
(00:44 / All) RedsABucket: lol
(00:46 / All) ANDREW-LUCK-GG: u hack
(00:48 / All) ANDREW-LUCK-GG: like a noob
(00:51 / All) ANDREW-LUCK-GG: reporting u
(00:51 / All) indica.only: wa'h
(01:00 / All) RedsABucket: im hacking too
(01:03 / All) RedsABucket: report to blizzard
(01:07 / All) indica.only: LOL
(01:11 / All) indica.only: likeblizz
(01:14 / All) RedForest: Red's a big fat 400 lb brother of Sherlock HOlmes
(01:15 / All) indica.only: does anything
(01:16 / All) indica.only: anymore
(01:19 / All) RedsABucket: wanna hear how to get a new cd key?
(01:23 / All) RedsABucket: go to ebay search wc3
(01:28 / All) RedsABucket: people take pics with the cd key
(01:29 / All) RedForest: or is that Mycroft?
(01:36 / All) brianpeepers: lol that's so sad
(02:30 / Allies) indica.only: pink
(02:34 / Allies) indica.only: u stole my fraze
(02:35 / Allies) indica.only: u fuck
(02:40 / Allies) RedsABucket: :(
(02:42 / Allies) RedsABucket: sorry
(02:48 / Allies) indica.only: did i call u a bucket
(02:50 / Allies) TheGreatBeast: He didn't steal anything
(02:52 / Allies) RedsABucket: nah
(02:53 / Allies) TheGreatBeast: you're a fucking bucket
(02:54 / Allies) RedsABucket: not me
(02:57 / Allies) TheGreatBeast: that's just a fact
(03:08 / All) ANDREW-LUCK-GG: they call me tigger the nigger
(03:22 / Allies) indica.only: purp u dont even know what a bucket is
(03:36 / Allies) TheGreatBeast: it's you
(03:37 / Allies) TheGreatBeast: fucker
(03:41 / Allies) indica.only: lol ur dumb
(03:49 / Allies) indica.only: it actually means something
(03:56 / Allies) indica.only: ur obv froma small town
(04:00 / Allies) RedsABucket: why such a hater
(04:01 / Allies) RedsABucket: nigga
(04:41 / All) RedsABucket: goddamnit you bucket
(04:42 / All) RedsABucket: red
(05:21 / All) RedsABucket: whos rat is this
(05:24 / All) RedsABucket: walking towards teal
(05:31 / All) RedsABucket: raccoon i meran
(05:35 / All) RedsABucket: ill kill it
(05:39 / All) brianpeepers: ?
(05:39 / All) RedsABucket: unless you spill the beans
(05:48 / All) RedsABucket: who summoned the creature
(06:09 / Allies) RedsABucket: help me expo
(06:28 / Allies) RedsABucket: come
(06:31 / Allies) TheGreatBeast: ALright but help me take one after
(06:39 / Allies) RedsABucket: k
(07:18 / Allies) TheGreatBeast: mine
(07:24 / Allies) uR-aLL-NooBs: no
(07:26 / Allies) uR-aLL-NooBs: im creeping it
(07:28 / Allies) TheGreatBeast: I called it
(07:33 / Allies) uR-aLL-NooBs: no
(07:34 / Allies) RedsABucket: nigga he called it before
(07:35 / Allies) TheGreatBeast: yes
(07:37 / Allies) uR-aLL-NooBs: fine
(07:40 / Allies) uR-aLL-NooBs: bastab
(07:41 / Allies) uR-aLL-NooBs: we all die
(07:45 / Allies) uR-aLL-NooBs: i crept the shit u faggot
(07:46 / Allies) RedsABucket: lol
(09:23 / Allies) RedsABucket: help
(10:07 / Allies) indica.only: wow teal
(10:09 / Allies) RedsABucket: thx bros
(10:11 / Allies) indica.only: kill teal
(10:11 / Allies) indica.only: now
(10:13 / Allies) uR-aLL-NooBs: yes
(10:16 / Allies) uR-aLL-NooBs: kill me now
(10:16 / Allies) uR-aLL-NooBs: and win
(10:18 / Allies) uR-aLL-NooBs: fu
(10:18 / Allies) RedsABucket: indeed
(10:19 / All) TheGreatBeast: Teal is a backstabber
(10:24 / Allies) RedsABucket: kill him
(10:25 / Allies) uR-aLL-NooBs: i crept a mine
(10:25 / All) TheGreatBeast: keeps tking me
(10:26 / Allies) RedsABucket: all of us
(10:29 / Allies) uR-aLL-NooBs: and he takes it
(10:30 / Allies) uR-aLL-NooBs: no thanks
(10:36 / All) indica.only: so what u fag
(10:41 / Allies) indica.only: cry some more
(10:44 / Allies) TheGreatBeast: help me take my expo
(10:46 / Allies) indica.only: he will feed u
(10:49 / Allies) indica.only: then if he doesnt
(10:51 / Allies) indica.only: fucking tk
(10:52 / Allies) indica.only: him
(11:06 / All) RedForest: Fuck you bucket
(11:10 / Allies) uR-aLL-NooBs: pink tried to kill my main
(11:12 / Allies) uR-aLL-NooBs: oh well
(11:30 / Allies) RedsABucket: always one virgin in the bunch
(11:36 / Allies) uR-aLL-NooBs: ouch
(12:12 / Allies) uR-aLL-NooBs: lol
(12:22 / Allies) uR-aLL-NooBs: at least purp has his expo
(12:28 / Allies) TheGreatBeast: yes, MY expo
(12:34 / Allies) uR-aLL-NooBs: yes
(12:37 / Allies) uR-aLL-NooBs: cuz we call expos
(12:39 / Allies) indica.only: w.e i think its fucking stupid
(12:41 / Allies) RedsABucket: wood plz
(12:43 / Allies) uR-aLL-NooBs: like were in fifth grade
(12:44 / Allies) indica.only: about an xpo
(12:50 / Allies) RedsABucket: wood
(12:50 / Allies) TheGreatBeast: exactly teal is a baby
(13:06 / Allies) uR-aLL-NooBs: so have ur expo
(13:46 / Allies) indica.only: help
(14:04 / All) RedForest: bad luck mate
(14:11 / All) ANDREW-LUCK-GG: yes like 3x time bad luck
(14:13 / All) RedForest: fat american cunt
(14:13 / All) indica.only: Lol ashut up ur terrible
(14:14 / Allies) indica.only: LMAO
(14:15 / All) RedForest: bad luck mate
(14:21 / All) ANDREW-LUCK-GG: UR A BUCKET
(14:22 / All) indica.only: retard
(14:23 / All) ANDREW-LUCK-GG: INDICA
(14:25 / All) RedForest: Who?
(14:28 / All) ANDREW-LUCK-GG: im french canadian
(14:32 / All) indica.only: u dont know what a b ucket is fool LMAO
(14:33 / All) uR-aLL-NooBs: yellows pretty bad
(14:36 / All) RedForest: Bad luck mate, baby seal clubbing savage
(14:37 / All) uR-aLL-NooBs: he still has foots
(14:38 / All) brianpeepers: nice rtry purp
(14:38 / All) uR-aLL-NooBs: lol
(14:49 / All) TheGreatBeast: I was leeching xp
(14:57 / All) TheGreatBeast: or trying to yellow didn't kill anything
(15:01 / Allies) uR-aLL-NooBs: pink i really dont care if i lose a base lol
(15:07 / All) indica.only: redforst an his 4 units
(15:08 / Allies) indica.only: LMAO
(15:10 / Allies) RedsABucket: so?
(15:12 / All) indica.only: L MAO
(15:26 / All) RedForest: Shut up bucket, bad luck mate
(15:32 / All) indica.only: whats a bucket
(15:33 / All) ANDREW-LUCK-GG: shut up bucket
(15:34 / All) indica.only: LOL
(15:36 / All) indica.only: u dont know
(15:37 / All) indica.only: LMAO
(15:42 / All) ANDREW-LUCK-GG: bucket
(15:53 / Allies) TheGreatBeast: ty pink
(15:53 / All) indica.only: lmao u sound like a retard
(15:55 / All) indica.only: lmao
(16:13 / Allies) RedsABucket: if you dont care
(16:14 / Allies) RedsABucket: then why rn
(16:23 / Allies) RedsABucket: run
(16:39 / All) TheGreatBeast: fucking tkers everywhere on our team
(16:40 / Allies) uR-aLL-NooBs: enjoy ur loss noob
(16:46 / Allies) RedsABucket: idk about that
(16:48 / All) TheGreatBeast: noob tk ruin battlenet
(16:55 / Allies) indica.only: 1ll
(17:45 / All) ANDREW-LUCK-GG: what?
(17:47 / All) ANDREW-LUCK-GG: oj?
(17:56 / All) ANDREW-LUCK-GG: oh
(17:56 / All) RedsABucket: lmao green
(17:59 / All) ANDREW-LUCK-GG: thought it was pink
(18:00 / All) RedsABucket: so many fucking trees
(18:01 / All) ANDREW-LUCK-GG: sorry
(18:41 / All) RedsABucket: that bucket teal is fucked every time i play with him now
(19:20 / Allies) RedsABucket: lmao
(19:32 / All) TheGreatBeast: Red, welcome to food block hell
(19:33 / Allies) RedsABucket: you should see what hes gonna do to oj
(19:33 / Allies) RedsABucket: lmao
(19:40 / Allies) TheGreatBeast: I got maphack I can see everything
(19:43 / All) RedsABucket: lol!
(19:55 / Allies) RedsABucket: oh I didn't think you were rod
(20:05 / All) TheGreatBeast: This reminds me of the game where everyone instantly left and we wanted to tk and were ne
(20:09 / All) TheGreatBeast: and we made tons of protectors near people
(20:11 / All) TheGreatBeast: then they just left
(20:29 / All) ANDREW-LUCK-GG: wtf
(20:34 / Allies) TheGreatBeast: Best part is they always think they've won
(20:44 / All) RedsABucket: "oj?
(20:45 / All) RedsABucket: what?
(20:50 / All) RedsABucket: suicide?
(20:55 / All) brianpeepers: green thought it's funny
(21:00 / All) brianpeepers: to kill my base
(21:03 / All) brianpeepers: so I just sent them to feed
(21:06 / All) RedsABucket: it is funny
(21:07 / All) RedsABucket: lol
(21:13 / All) brianpeepers: heh it kinda is...
(21:16 / All) ANDREW-LUCK-GG: oh lol
(21:20 / All) ANDREW-LUCK-GG: that i did
(21:44 / Allies) TheGreatBeast: wood if you can
(21:54 / Allies) TheGreatBeast: ty
(22:09 / All) ANDREW-LUCK-GG: my gay ass mouse
(22:21 / All) ANDREW-LUCK-GG: waoh there little wisps
(22:23 / All) ANDREW-LUCK-GG: where u off to
(22:25 / All) ANDREW-LUCK-GG: This fine evening
(22:37 / All) brianpeepers: just passin through town officer
(22:40 / All) ANDREW-LUCK-GG: naughty bastards
(23:32 / All) brianpeepers: nnnnnnnnnnuuuuuuuuuuuuuuuuuuuuuuuuuuuuuuuu
(23:42 / All) RedsABucket: am had 1 hp lo
(23:59 / All) RedsABucket: lol
(25:42 / All) RedsABucket: war of the trees
(26:28 / All) RedsABucket: gg oj
(26:51 / All) brianpeepers: gg pink
(26:56 / All) brianpeepers: do you know green or something?
(27:00 / All) TheGreatBeast: GG
(27:01 / All) brianpeepers: i can't tell if this is osme kind of joke or not
(27:09 / All) RedsABucket: hahaha
(27:14 / All) TheGreatBeast: No 4 levels 1s are just random
(27:17 / All) TheGreatBeast: We organised this on the spot
(27:21 / All) RedsABucket: greens just some bucket
(27:22 / All) ANDREW-LUCK-GG: im gonna watch football after this
(27:25 / All) brianpeepers: hahahah
(27:29 / All) RedsABucket: what game?
(27:29 / All) brianpeepers: good job
(27:29 / All) RedForest: WELL YOU WON'T BE LAUGHING WHEN YOU LOSE HAHAHA
(27:30 / All) ANDREW-LUCK-GG: need to watch me some adrian peterson
(27:37 / All) RedsABucket: man its preseason
(27:42 / All) brianpeepers: I already have a negative record
(27:45 / All) brianpeepers: it's just a game man
(27:57 / All) TheGreatBeast: 11 year old game playing for record is retarded
(28:03 / All) RedsABucket: oj my real account edsnowden ive played you all the time
(28:09 / All) brianpeepers: so many people still bitch so much
(28:14 / All) RedsABucket: hahahha
(28:16 / All) brianpeepers: haha nice to see you again
(28:17 / All) TheGreatBeast: I know
(28:21 / All) TheGreatBeast: You wouldn't believe some of the rage we get
(28:25 / All) TheGreatBeast: in arranged stabber games
(28:53 / All) brianpeepers: bye
(29:03 / All) RedsABucket: see ya
(29:05 / All) TheGreatBeast: Farewell